 Dungeon Crawl Stone Soup version 0.32-a0-643-ga006e7742e (webtiles) character file.

Game seed: 1789810523635878341

296 backslashecho the Chopper (level 6, -12/48 HPs)
             Began as a Demonspawn Fighter on Mar 8, 2024.
             Mangled by an ogre
             ... wielding a +0 giant club
              (16 damage)
             ... on level 4 of the Dungeon.
             The game lasted 00:06:43 (2387 turns).

backslashecho the Chopper (Demonspawn Fighter)      Turns: 2387, Time: 00:06:43

Health: -12/48     AC: 16    Str: 18    XL:     6   Next: 12%
Magic:  6/6        EV:  7    Int:  8    God:
Gold:   84         SH:  5    Dex: 13    Spells: 5/5 levels left

rFire   . . .        a - +0 war axe
rCold   . . .        c - +0 buckler
rNeg    . . .        e - +0 chain mail
rPois   .            l - +0 helmet
rElec   .            (no cloak)
rCorr   .            (no gloves)
SInv    .            (no boots)
Will    .....        (no amulet) Stlth
                     (no ring)
HPRegen 0.28/turn    (no ring)
MPRegen 0.10/turn

%: no passive effects
@: sanguine armoured, wreathed by umbra
A: powered by death 2, sanguine armour 1, foul shadow 1
a: no special abilities


You were on level 4 of the Dungeon.
You visited 1 branch of the dungeon, and saw 4 of its levels.

You collected 154 gold pieces.
You spent 70 gold pieces at shops.

Inventory:

Hand Weapons
 a - a +0 war axe (weapon)
 y - a +2 heavy war axe
Missiles
 k - 8 poisoned darts (quivered)
Armour
 c - a +0 buckler (worn)
 e - a +0 chain mail (worn)
 l - a +0 helmet (worn)
Wands
 m - a wand of mindburst (14)
Scrolls
 b - 2 scrolls of poison {unknown}
 f - a scroll of enchant armour {unknown}
 g - 7 scrolls of identify
 i - 3 scrolls of teleportation
 r - a scroll of fog {unknown}
 s - 2 scrolls of blinking {unknown}
 u - a scroll of revelation {unknown}
 v - a scroll of noise {unknown}
Potions
 d - a potion of might
 h - 2 potions of cancellation
 j - 2 potions of curing {unknown}
 n - 2 potions of berserk rage {unknown}
 p - a potion of ambrosia {unknown}
 q - a potion of degeneration {unknown}
 t - a potion of heal wounds {unknown}
 w - a potion of resistance {unknown}
 x - 2 potions of attraction {unknown}


   Skills:
 + Level 4.2 Fighting
 * Level 4.3 Axes
 - Level 2.6 Armour
 + Level 3.8 Shields


You had 5 spell levels left.
You didn't know any spells.
Your spell library contained the following spells:

 Spells                   Type           Power      Damage    Failure   Level
 Dazzling Flash           Conj/Hex       0%         N/A       100%        3
 Gell's Gravitas          Tloc           0%         N/A       100%        3
 Teleport Other           Tloc           0%         N/A       100%        3
 Volatile Blastmotes      Fire/Tloc      0%         2d10      100%        3
 Dispersal                Tloc           0%         N/A       100%        6
 Starburst                Conj/Fire      0%         6d3       100%        6
 Maxwell's Capacitive Co  Air            0%         ∞         100%        8


Dungeon Overview and Level Annotations

Branches:
Dungeon (4/15)
 Temple: D:4-7

Altars:

Shops:
D:2 *   D:3 :

Annotations:
D:2 1 runed translucent door, 1 exclusion, Crazy Yiuf


Innate Abilities, Weirdness & Mutations

You regenerate health from kills.
When seriously injured, your blood forms armour. (AC +6)
You are faintly shadowed, very rarely releasing foul flame when damaged in melee.


Message History

You climb upwards.
There is a stone staircase leading down here.
There is a stone staircase leading down here.
You climb downwards.
The jackal barks! x3; You hear a bark!
Found a glowing clear potion, a glowing war axe and 9 gold pieces.
There is a stone staircase leading up here.
Found a scroll of identify.
A hound comes into view.
You closely miss the jackal.
The jackal bites you but does no damage.
The jackal barely misses you.
You closely miss the jackal. x3
The jackal bites you but does no damage. x2
The jackal barely misses you. You block the jackal's attack.
The jackal completely misses you. The jackal barely misses you.
You barely miss the jackal. You slash the jackal!
You kill the jackal!
You closely miss the jackal. The jackal barely misses you.
The jackal closely misses you. The jackal barely misses you.
You hit the hound.
The hound is lightly wounded.
You closely miss the jackal. The jackal closely misses you.
The hound barely misses you.
You miss the hound.
The hound is lightly wounded.
You hit the jackal.
You kill the jackal!
You slash the jackal!
You kill the jackal!
The hound bites you but does no damage. The hound bites you.
The hound is seared by the foul flame within you.
The hound is moderately wounded.
You take 4 damage, and have 38/42 hp.
You barely miss the hound.
The hound is moderately wounded.
The hound barely misses you. The hound bites you but does no damage.
Health restored: 42 You closely miss the hound.
The hound is moderately wounded.
The hound bites you but does no damage. The hound closely misses you.
You closely miss the hound.
The hound is moderately wounded.
You block the hound's attack. The hound closely misses you.
You slash the hound!
You kill the hound!
You have reached level 6!
Health restored: 48; MP restored: 6
Found 12 gold pieces.
x - 2 glowing clear potions (gained 1)
A goblin comes into view. It is wielding a +0 dagger.
The goblin shouts!
The goblin hits you but does no damage.
You closely miss the goblin.
A hobgoblin comes into view.
You block the goblin's attack. The goblin hits you but does no damage.
You hit the goblin but do no damage. You block the goblin's attack.
You hit the goblin.
The goblin is severely wounded.
The goblin barely misses you.
You barely miss the goblin.
The goblin is severely wounded.
The goblin barely misses you. x2
You hit the goblin.
You kill the goblin!
You barely miss the hobgoblin. The hobgoblin barely misses you.
You slash the hobgoblin!
You kill the hobgoblin!
No target in view!
Things that are here:
a +2 heavy war axe; a hobgoblin corpse
Things that are here:
a +2 heavy war axe; a hobgoblin corpse
y - a +2 heavy war axe An ogre comes into view.
It is wielding a +0 giant club.
The ogre shouts!
The ogre moves out of view.
You see here a scroll of identify.
You hit the ogre.
The ogre is lightly wounded.
The ogre hits you with a +0 giant club!!
Ouch! That really hurt!
Your blood congeals into armour.
The ogre is seared by the foul flame within you.
The ogre is moderately wounded.
You take 28 damage, and have 20/48 hp.
MASSIVE DAMAGE!!
You hit the ogre.
The ogre is heavily wounded.
The ogre hits you with a +0 giant club!
* * * LOW HITPOINT WARNING * * *
You take 17 damage, and have 3/48 hp.
MASSIVE DAMAGE!!
You are too injured to fight recklessly!
Okay, then.
Throw: throwing net
Press: ? - help, Shift-Dir - straight line, f - ogre
Aim: an ogre, wielding a +0 giant club (heavily wounded, umbra, 72% to hit)
You throw a throwing net.
The throwing net barely misses the ogre.
The ogre hits you with a +0 giant club!
You die...

##### ....#
....# ... .#
##O#
..#######@.#
#.........###..#
.......#........
##.##...####..#
###.##.†### #
##......)..#.
##...<.........#
#.....########.#
#..#†.# ..


You could see an ogre.

Vanquished Creatures
  A hound (D:4)
  2 iguanas
  Natasha (D:2)
  Robin (D:2)
  3 gnolls (D:3)
  6 adders
  3 dart slugs
  3 ribbon worms
  2 orcs (D:3)
  8 ball pythons
  5 endoplasms
  3 giant cockroaches
  12 goblins
  9 hobgoblins
  4 jackals
  4 kobolds
  6 quokkas
  4 bats
  4 frilled lizards
  6 rats
87 creatures vanquished.

Notes
Turn   | Place    | Note
-------+----------+-------------------------------------------
     0 | D:1      | backslashecho the Demonspawn Fighter began the quest for
                  | the Orb.
     0 | D:1      | Reached XP level 1. HP: 18/18 MP: 1/1
   166 | D:1      | Gained mutation: When seriously injured, your blood forms
                  | armour. (AC +6) [demonic ancestry]
   166 | D:1      | Reached XP level 2. HP: 24/24 MP: 2/2
   473 | D:1      | Gained mutation: You are faintly shadowed, very rarely
                  | releasing foul flame when damaged in melee. [demonic
                  | ancestry]
   473 | D:1      | Reached XP level 3. HP: 29/29 MP: 3/3
   771 | D:2      | Noticed Robin
   778 | D:2      | Killed Robin
   900 | D:2      | Gained mutation: You regenerate a little health from kills.
                  | [demonic ancestry]
   900 | D:2      | Reached XP level 4. HP: 29/35 MP: 4/4
  1044 | D:2      | Noticed Natasha
  1052 | D:2      | Killed Natasha
  1127 | D:2      | You fall into a shaft and drop 1 floor!
  1262 | D:3      | Gained mutation: You regenerate health from kills. [demonic
                  | ancestry]
  1262 | D:3      | Reached XP level 5. HP: 29/42 MP: 5/5
  1624 | D:3      | Found Vuinonah's Book Emporium.
  1833 | D:2      | Found Etuteb's General Store.
  1849 | D:2      | Bought a scroll of identify for 28 gold pieces
  1849 | D:2      | Bought a scroll of teleportation for 42 gold pieces
  2006 | D:2      | Found a runed translucent door.
  2007 | D:2      | Noticed Crazy Yiuf
  2365 | D:4      | Reached XP level 6. HP: 48/48 MP: 6/6
  2387 | D:4      | Mangled by an ogre

Illustrated notes

Levels and vault maps discovered:
D:1:      eino_arrival_water_cross, layout_loops_ring, minmay_pentomino_w4
D:2:      layout_basic, basic_altar, serial_shops, nicolae_lakefront_shop,
          minmay_vboxes, uniq_robin, uniq_natasha, uniq_crazy_yiuf_cottage
D:3:      layout_basic, serial_shops, nicolae_shop_tiny_waterfront,
          minmay_pentangle
D:4:      layout_rooms, minmay_temple_entry_fiery, serial_glass,
          glass_columns_b, glass_columns_b

Skill      XL: |  1  2  3  4  5 |
---------------+----------------+-----
Axes           | 2 3 4 |  4.3
Shields        | 3 |  3.8
Fighting       | 4 |  4.2
Armour         | |  2.6

Action                     |  1- 3 |  4- 6 || total
---------------------------+-------+-------++-------
  Melee: War axe           |    81 |   127 ||   208
  Throw: Throwing net      |       |     1 ||     1
    Use: Scroll            |       |     1 ||     1
 Armour: Chain mail        |    87 |   112 ||   199
         Scale mail        |     1 |       ||     1
  Dodge: Dodged            |    24 |    65 ||    89
  Block: Buckler           |    18 |    26 ||    44

Table legend: (Time is in decaauts)
 A = Elapsed time spent in this place.
 B = Non-inter-level travel time spent in this place.
 C = Inter-level travel time spent in this place.
 D = Time resting spent in this place.
 E = Time spent auto-exploring this place.
 F = Levels seen in this place.
 G = Mean time per level.
                   A        B        C        D        E       F      G
               +--------+--------+--------+--------+--------+-----+--------+
         Total |   2466 |   2364 |    102 |      0 |   1739 |   4 |  616.5 |
       Dungeon |   2466 |   2364 |    102 |      0 |   1739 |   4 |  616.5 |
               +--------+--------+--------+--------+--------+-----+--------+

Top non-repeatable levels by time:
     D:2: 1028 daAuts
     D:3: 718 daAuts
     D:1: 673 daAuts
     D:4: 46 daAuts
